 Dungeon Crawl Stone Soup version 0.15.0-18-g9076a4f (webtiles) character file.

3707 Leibowitz the Grappler (level 9, -3/92 HPs)
             Began as a Troll Monk on Sept 7, 2014.
             Slain by a giant frog (9 damage)
             ... on Level 8 of the Dungeon.
             The game lasted 00:31:47 (5879 turns).

Leibowitz the Grappler (Troll Monk)                 Turns: 5879, Time: 00:31:51

HP  -3/92        AC  8     Str 21      XL: 9   Next: 91%
MP   4/4         EV 14     Int  6      God:
Gold 595         SH  0     Dex 15      Spells:  0 memorised,  8 levels left

rFire  + . .     SeeInvis .       - Unarmed
rCold  + . .     Clarity  .     q - +1 robe {rC+} (curse)
rNeg   + . .     rCorr    .     (shield restricted)
rPois  +         rRot     .     (helmet restricted)
rElec  .         Spirit   .     C - +1 cloak {rPois} (curse)
SustAb .         Warding  +     (gloves unavailable)
rMut   .         Stasis   .     (boots unavailable)
Gourm  +                        d - amulet of warding
MR     .....                    (no ring)
                                j - ring of protection from fire

@: manticore barbs, not resistant to hostile enchantments, unstealthy
A: unfitting armour, claws 3, fast metabolism 3, gourmand, regeneration 2,
saprovore 2, shaggy fur 1, tough skin 2
a: no special abilities


You were on level 8 of the Dungeon.
You were full.

You visited 2 branches of the dungeon, and saw 9 of its levels.
You also visited: Sewer and Ossuary.

You collected 595 gold pieces.

Inventory:

Hand weapons
 a - a +0 blowgun
Missiles
 I - 3 javelins (quivered)
 K - 18 poisoned needles
Armour
 q - a cursed +1 robe of cold resistance (worn)
 C - a cursed +1 cloak of poison resistance (worn)
Magical devices
 z - a wand of digging (13)
 A - a wand of disintegration (17)
 J - a wand of disintegration (13)
Comestibles
 b - 5 meat rations
 f - 7 bread rations
 o - 3 royal jellies
 v - 6 fruits
 w - a slice of pizza
 M - a beef jerky
Scrolls
 g - 5 scrolls of identify {unknown}
 h - 2 scrolls of enchant weapon {unknown}
 i - 2 scrolls of random uselessness {unknown}
 k - 7 scrolls of remove curse {unknown}
 l - 10 scrolls of teleportation {unknown}
 m - 3 scrolls of recharging {unknown}
 p - a scroll of immolation {unknown}
 r - 3 scrolls of magic mapping {unknown}
 s - 4 scrolls of noise {unknown}
 y - a scroll of fog {unknown}
 B - 2 scrolls of blinking {unknown}
 E - 2 scrolls of enchant armour {unknown}
 F - a scroll of fear {unknown}
Jewellery
 d - an amulet of warding (around neck)
 j - a ring of protection from fire (left claw)
 t - an uncursed ring of protection from fire
Potions
 c - 2 potions of haste
 e - 2 potions of brilliance {unknown}
 n - 5 potions of curing {unknown}
 u - 5 potions of agility {unknown}
 x - a potion of resistance {unknown}
 D - 2 potions of coagulated blood
 G - 2 potions of poison {unknown}
 H - a potion of invisibility {unknown}
 L - 2 potions of mutation {unknown}
 N - a potion of flight {unknown}
 O - a potion of confusion {unknown}


   Skills:
 * Level 6.6 Fighting
 + Level 1.2 Throwing
 + Level 7.6 Dodging
 + Level 2.1 Stealth
 * Level 9.0 Unarmed Combat


You had 8 spell levels left.
You didn't know any spells.

Dungeon Overview and Level Annotations

Branches:
Dungeon (8/15)             Temple (1/1) D:5
   Lair: D:8-11

Altars:
Ashenzari
Cheibriados
Dithmenos
Elyvilon
Kikubaaqudgha
Makhleb
Nemelex Xobeh
Okawaru
Qazlal
Sif Muna
Trog
Vehumet
Xom
Yredelemnul
Zin
The Shining One


Innate Abilities, Weirdness & Mutations

You are too large for most types of armour.
You have claws for hands.
Your metabolism is lightning-fast.
You like to eat raw meat.
You heal very quickly.
You can eat rotten meat.
You are covered in fur (AC +1).
You have very tough skin (AC +2).


Message History

The manticore is almost dead.
The giant frog hits you. The manticore bites you!!
* * * LOW HITPOINT WARNING * * *
The manticore claws you but does no damage.
The manticore barely misses you.
You barely miss the manticore.
The manticore is almost dead.
The giant frog hits you but does no damage.
Evoke which item? (* to show all) (? for menu, Esc to quit)
Zapping:
A - a wand of disintegration {zapped: 1}
Press: ? - help, Shift-Dir - straight line, f - manticore
Aim: a manticore (almost dead, bleeding)
The manticore resists with significant effort.
The giant frog barely misses you. The manticore completely misses you.
The manticore claws you.
* * * LOW HITPOINT WARNING * * *
The manticore claws you.
* * * LOW HITPOINT WARNING * * *
The giant frog hits you!
You die...

###'#..# #######.#
... .....##'## . .
###...(...# ...
..#.......# ....
#(#.......### #...
#.#.......<.#
#...###.#.........#
#..H@..'.........#
##.F####.........#
.>#.. #####.....#
####.. #.....# ..|
#.....# ....
#.....# ....#
####### ..#


You could see a manticore (bleeding) and a giant frog.

Vanquished Creatures
  Pikel (D:7)
  Grinder (D:4)
  2 hippogriffs (D:7)
  An orc warrior (D:6)
  2 ogres
  A black bear (D:7)
  4 slaves (D:7)
  A phantom (D:3)
  2 sky beasts
  2 centaurs
  A crocodile (Sewer)
  An ice beast (D:7)
  3 giant frogs
  Blork the orc (D:7)
  2 big kobolds
  A scorpion (D:5)
  3 wights (D:7)
  6 killer bees (D:7)
  A hound (D:7)
  A yellow wasp zombie (D:7)
  2 crimson imps (D:7)
  A goliath beetle (D:6)
  Crazy Yiuf (D:5)
  2 orc priests
  2 iguanas
  8 orc wizards
  A worker ant (D:4)
  4 big kobold zombies (Ossuary)
  2 mummies (Ossuary)
  10 adders
  3 gnolls (D:7)
  A worm (D:2)
  5 adder zombies (Ossuary)
  An iguana skeleton (D:7)
  2 giant geckos
  2 oozes
  20 orcs
  A ball python (D:6)
  14 bats
  A bat skeleton (D:6)
  3 gnoll zombies (Ossuary)
  12 hobgoblins
  10 jackals
  21 kobolds
  4 giant cockroaches
  2 giant newts
  9 goblins
  2 goblin skeletons
  A hobgoblin skeleton (D:5)
  8 hobgoblin zombies
  A kobold skeleton (D:5)
  3 kobold zombies (Ossuary)
  An orc skeleton (D:4)
  2 orc zombies (Ossuary)
  6 quokkas
  9 rats
  A rat skeleton (D:6)
215 creatures vanquished.

Notes
Turn   | Place    | Note
--------------------------------------------------------------
     0 | D:1      | Leibowitz, the Troll Monk, began the quest for the Orb.
     0 | D:1      | Reached XP level 1. HP: 22/22 MP: 1/1
   274 | D:1      | Reached XP level 2. HP: 29/29 MP: 1/1
   626 | D:2      | Found a burning altar of Makhleb.
   726 | D:2      | Found a shadowy altar of Dithmenos.
   904 | D:2      | Reached XP level 3. HP: 33/36 MP: 2/2
   907 | D:2      | Found a shimmering altar of Xom.
   909 | D:2      | Found a shimmering altar of Xom.
   909 | D:2      | Found a shimmering altar of Xom.
   909 | D:2      | Found a shimmering altar of Xom.
   965 | D:2      | Found a basalt altar of Yredelemnul.
  1520 | D:3      | Reached XP level 4. HP: 43/45 MP: 2/2
  1717 | D:3      | Noticed a phantom
  1730 | D:3      | Killed a phantom
  1730 | D:3      | Reached XP level 5. HP: 47/53 MP: 2/2
  2035 | D:4      | Reached skill level 5 in Unarmed Combat
  2137 | D:4      | Noticed Grinder
  2138 | D:4      | Reached XP level 6. HP: 62/62 MP: 3/3
  2149 | D:4      | Paralysed by Grinder for 7 turns
  2175 | D:4      | Paralysed by Grinder for 2 turns
  2178 | D:4      | Killed Grinder
  2209 | D:4      | Reached XP level 7. HP: 62/70 MP: 3/3
  2288 | D:4      | Noticed an ogre
  2301 | D:4      | Killed an ogre
  2569 | D:5      | Entered Level 5 of the Dungeon
  2626 | D:5      | Found a staircase to the Ecumenical Temple.
  2635 | Temple   | Entered the Ecumenical Temple
  2763 | D:5      | Reached skill level 5 in Dodging
  2940 | D:5      | Noticed Crazy Yiuf
  2948 | D:5      | Killed Crazy Yiuf
  3060 | D:5      | Found a glowing silver altar of Zin.
  3364 | D:6      | Found a glowing drain.
  3376 | Sewer    | Entered a sewer
  3444 | Sewer    | Reached skill level 5 in Fighting
  3444 | Sewer    | Reached XP level 8. HP: 47/80 MP: 3/3
  3912 | D:6      | Reached skill level 6 in Dodging
  4391 | D:7      | Noticed Blork the orc
  4407 | D:7      | Killed Blork the orc
  4535 | D:7      | Reached skill level 7 in Dodging
  4609 | D:7      | Reached XP level 9. HP: 77/88 MP: 4/4
  4625 | D:7      | Reached skill level 1 in Throwing
  5011 | D:7      | Found a snail-covered altar of Cheibriados.
  5177 | D:7      | Reached skill level 8 in Unarmed Combat
  5254 | D:7      | Noticed Pikel
  5270 | D:7      | Killed Pikel
  5615 | D:8      | Found a sand-covered staircase.
  5621 | Ossuary  | Entered an ossuary
  5695 | Ossuary  | Reached skill level 9 in Unarmed Combat
  5863 | D:8      | Noticed a manticore
  5879 | D:8      | Slain by a giant frog

Action                   |  1- 3 |  4- 6 |  7- 9 || total
-------------------------+-------+-------+-------++-------
Melee: Unarmed           |   122 |    78 |   471 ||   671
 Fire: Blowgun           |       |       |     8 ||     8
Throw: Javelin           |       |       |     3 ||     3
Evoke: Wand              |       |       |     3 ||     3
 Stab: Sleeping          |     2 |     2 |     7 ||    11
  Eat: Chunk             |    14 |     8 |    35 ||    57
